 Dungeon Crawl Stone Soup version 0.25.1-2-g60ff931df9 (webtiles) character file.

Game seed: 5426226475870177027

108 DogServant the Slasher (level 4, -2/33 HPs)
             Began as a Merfolk Gladiator on Nov 8, 2020.
             Slain by a hippogriff (6 damage)
             ... on level 3 of the Dungeon.
             The game lasted 00:01:45 (2327 turns).

DogServant the Slasher (Merfolk Gladiator)          Turns: 2327, Time: 00:01:46

Health: -2/33      AC:  4    Str: 15    XL:     4   Next: 87%
Magic:  4/4        EV: 14    Int:  7    God:
Gold:   114        SH:  0    Dex: 15    Spells: 3/3 levels left

rFire    . . .     SeeInvis .   a - +0 long sword
rCold    . . .     Gourm    .   (no shield)
rNeg     . . .     Faith    .   b - +0 leather armour
rPois    .         Spirit   .   c - +0 helmet
rElec    .         Reflect  .   (no cloak)
rCorr    .         Harm     .   (no gloves)
MR       .....                  (no boots)
Stlth    +.........             (no amulet)
HPRegen  0.11/turn              (no ring)
MPRegen  0.09/turn              (no ring)

@: no status effects
A: change form in water, swift swim, stealthy swim
a: no special abilities


You were on level 3 of the Dungeon.
You were hungry.

You visited 1 branch of the dungeon, and saw 3 of its levels.

You collected 114 gold pieces.

Inventory:

Hand Weapons
 a - a +0 long sword (weapon)
Missiles
 g - a throwing net (quivered)
 h - 37 poisoned darts
Armour
 b - a +0 leather armour (worn)
 c - a +0 helmet (worn)
Jewellery
 l - an uncursed ring of resist corrosion {unknown}
 q - a cursed +6 ring of strength {unknown}
Wands
 d - a wand of enslavement (8)
Scrolls
 e - a scroll of teleportation {unknown}
 i - a scroll of immolation {unknown}
 j - 2 scrolls of magic mapping {unknown}
 k - 2 scrolls of fear {unknown}
 n - a scroll of enchant armour {unknown}
Potions
 m - a potion of heal wounds {unknown}
 o - a potion of brilliance {unknown}
 p - a potion of stabbing {unknown}
Comestibles
 f - 6 rations
 r - 8 chunks of flesh


   Skills:
 - Level 2.1 Fighting
 + Level 5.4 Long Blades
 - Level 2.0 Throwing
 - Level 5.0 Dodging


You had 3 spell levels left.
You didn't know any spells.
Your spell library was empty.

Dungeon Overview and Level Annotations

Branches:
Dungeon (3/15)

Altars:
Dithmenos


Message History

You closely miss the orc.
The orc is moderately wounded.
The hippogriff closely misses you. x3; The orc closely misses you.
You riposte.
You hit the orc.
The orc is heavily wounded.
You hit the hippogriff but do no damage.
The hippogriff completely misses you. The hippogriff pecks you.
The hippogriff completely misses you. The orc misses you.
You hit the hippogriff.
The hippogriff is lightly wounded.
The hippogriff closely misses you. The hippogriff pecks you.
The hippogriff closely misses you. The orc closely misses you.
You riposte.
You hit the orc.
You kill the orc!
The hippogriff bites you.
* * * LOW HITPOINT WARNING * * *
The hippogriff pecks you.
* * * LOW HITPOINT WARNING * * *
The hippogriff claws you.
You die...

#.#### ##
##.##%. .
#).##.# .#
#รท)##.####.###
#..##.##.....#
# #..##.##.#
#.##.#
#.(.o.o..# #...
#..##.##.###H#
#).##.##...o@#
#..##.####.###
#..##.# #.#
#..##.. ...
#..#### ##.##
#..# #.# #...
... #.## ###
#..


You could see a hippogriff and an orc.

Vanquished Creatures
  An orc wizard (D:3)
  2 adders (D:2)
  An ooze (D:2)
  A worm (D:2)
  2 dart slugs
  2 leopard geckos
  4 orcs (D:3)
  5 giant cockroaches
  A goblin (D:1)
  6 hobgoblins
  3 jackals (D:2)
  A quokka (D:2)
  6 bats
  2 frilled lizards
  3 kobolds (D:2)
  5 rats
45 creatures vanquished.

Notes
Turn   | Place    | Note
-------+----------+-------------------------------------------
     0 | D:1      | DogServant the Merfolk Gladiator began the quest for the
                  | Orb.
     0 | D:1      | Reached XP level 1. HP: 16/16 MP: 1/1
   367 | D:1      | Reached XP level 2. HP: 22/22 MP: 2/2
  1216 | D:2      | Reached XP level 3. HP: 24/27 MP: 3/3
  1224 | D:2      | Reached skill level 5 in Dodging
  1561 | D:2      | Reached XP level 4. HP: 9/33 MP: 4/4
  1906 | D:2      | Found a shadowy altar of Dithmenos.
  2283 | D:3      | Reached skill level 5 in Long Blades
  2322 | D:3      | Noticed a hippogriff
  2327 | D:3      | Slain by a hippogriff

Illustrated notes

Levels and vault maps discovered:
D:1:      ncdulo_halloftheorcs, layout_basic, grunt_decor_fettered,
          feat_on_display
D:2:      layout_loops_cross, lemuel_doored_altar,
          hangedman_abyss_or_decor_stabs
D:3:      layout_basic, nicolae_overflow_crystal_walls, led_sif_pool,
          roderic_nine_men_s_morris, okawaru_metal_pillars_3, uniq_terence

Skill      XL: |  1  2  3  4 |
---------------+-------------+-----
Long Blades    | 4 5 |  5.4
Dodging        | 5 |  5.0
Fighting       | |  2.1
Throwing       | |  2.0

Action                   |  1- 3 |  4- 6 || total
-------------------------+-------+-------++-------
Melee: Long sword        |    74 |    59 ||   133
Throw: Throwing net      |     3 |       ||     3
 Stab: Sleeping          |     2 |     1 ||     3
       Held in net/web   |     1 |       ||     1
  Eat: Chunk             |     2 |     2 ||     4
Armor: Leather armour    |    16 |    24 ||    40
Dodge: Dodged            |    53 |    96 ||   149
       Rpst.: Long sword |    16 |    21 ||    37
